 Seeded DCSS version 0.27-a0-1308-gc08437e49b (webtiles) character file.

Game seed: 12222999867958325445 (custom seed)

3 flotson the Sneak (level 1, 0/18 HPs)
             Began as a Demonspawn Delver on June 18, 2021.
             Slain by a goblin (3 damage)
             ... on level 4 of the Dungeon.
             The game lasted 00:00:58 (57 turns).

flotson the Sneak (Demonspawn Delver)                 Turns: 57, Time: 00:00:59

Health: 0/18       AC:  3    Str: 12    XL:     1   Next: 41%
Magic:  1/1        EV: 11    Int: 11    God:
Gold:   13         SH:  0    Dex: 14    Spells: 0/0 levels left

rFire    . . .     SeeInvis .   a - +0 falchion
rCold    . . .     Faith    .   (no shield)
rNeg     . . .     Spirit   .   b - +0 leather armour
rPois    .         Reflect  .   (no helmet)
rElec    .         Harm     .   (no cloak)
rCorr    .         Rampage  .   (no gloves)
Will     .....                  (no boots)
Stlth    ++........             (no amulet)
HPRegen  0.06/turn              (no ring)
MPRegen  0.07/turn              (no ring)

@: no status effects
A: no striking features
a: no special abilities


You were on level 4 of the Dungeon.
You visited 1 branch of the dungeon, and saw 2 of its levels.

You collected 13 gold pieces.

Inventory:

Hand Weapons
 a - a +0 falchion (weapon)
Armour
 b - a +0 leather armour (worn)
Wands
 g - a wand of digging (3)
Scrolls
 c - a scroll of fog
 e - a scroll of fear
Potions
 f - a potion of haste


   Skills:
 + Level 3.0 Fighting
 + Level 1.8 Long Blades
 + Level 0.2 Armour
 + Level 1.8 Dodging
 - Level 4.5 Stealth


You couldn't memorise any spells.
You didn't know any spells.
Your spell library was empty.

Dungeon Overview and Level Annotations

Branches:
Dungeon (5/15)
 Temple: D:4-7

Altars:

Annotations:
D:5 3 runed translucent doors


Message History

The dart slug is severely wounded.
The dart slug barely misses you.
You hit the dart slug.
The dart slug is severely wounded.
A ball python comes into view.
The dart slug launches a dart at you. The slug dart hits you.
The ball python hisses angrily.
You hit the dart slug.
The dart slug is severely wounded.
The goblin hits you with a +0 club. The dart slug barely misses you.
You hit the dart slug.
You kill the dart slug!
The goblin barely misses you.
You barely miss the ball python. The goblin hits you but does no damage.
The ball python bites you. The ball python grabs you.
The ball python constricts you. The goblin barely misses you.
You escape the ball python's grasp.
The ball python barely misses you.
You riposte.
You barely miss the ball python. The ball python grabs you.
The ball python constricts you.
You escape the ball python's grasp.
You closely miss the ball python. The ball python barely misses you.
The ball python grabs you. The ball python constricts you.
You hit the ball python.
You kill the ball python!
You hit the goblin.
The goblin is severely wounded.
The goblin barely misses you.
You closely miss the goblin.
The goblin is severely wounded.
The goblin hits you with a +0 club.
You barely miss the goblin.
The goblin is severely wounded.
The goblin hits you with a +0 club.
* * * LOW HITPOINT WARNING * * *
You barely miss the goblin.
The goblin is severely wounded.
The goblin closely misses you. The goblin hits you with a +0 club.
You die...

*,* *,* *,* *,* *,* *,*
***********##*,* *,*
*,,,,,,,,,,.#*,* *,*
#,*********.#*,* *,*
####.#### *.#*,* *,*
#.......# *.#*,* *,**
*,****#@# *.#*,* *,,,
**,* #g######†##.###***
#,,* #...g..........,,,
#.,* #..#.......####***
#..#####..............,,*
#...>.....##......##..,,,
#.#.#<..$.........#*,.,>,
*,#.#####.##.######******
*,#.* ##.#...*≈∩≈≈≈≈≈≈≈


You could see a goblin.

Vanquished Creatures
  A dart slug (D:4)
  A ball python (D:4)
2 creatures vanquished.

Notes
Turn   | Place    | Note
-------+----------+-------------------------------------------
     0 | D:5      | flotson the Demonspawn Delver began the quest for the Orb.
     0 | D:5      | Reached XP level 1. HP: 18/18 MP: 1/1
    15 | D:5      | Noticed a wyvern simulacrum
    24 | D:5      | Found a runed translucent gate.
    24 | D:5      | Found a runed translucent gate.
    24 | D:5      | Found a runed translucent gate.
    57 | D:4      | Slain by a goblin

Illustrated notes

Levels and vault maps discovered:
D:4:      layout_loops_ring, portal_sewer_entry_d, uniq_menkaure
D:5:      old_forge, layout_basic, temple_fountains, gammafunk_ghost_icy,
          guppyfry_early_lair_pool

Action                   || total
-------------------------++-------
Melee: Falchion          ||    11
  Use: Scroll            ||     1
 Stab: Distracted        ||     1
Armor: Leather armour    ||     1
Dodge: Dodged            ||     8
       Rpst.: Falchion   ||     1

Table legend: (Time is in decaauts)
 A = Elapsed time spent in this place.
 B = Non-inter-level travel time spent in this place.
 C = Inter-level travel time spent in this place.
 D = Time resting spent in this place.
 E = Time spent auto-exploring this place.
 F = Levels seen in this place.
 G = Mean time per level.
                   A        B        C        D        E       F      G
               +--------+--------+--------+--------+--------+-----+--------+
         Total |     58 |     58 |      0 |      0 |     21 |   2 |   29.0 |
       Dungeon |     58 |     58 |      0 |      0 |     21 |   2 |   29.0 |
               +--------+--------+--------+--------+--------+-----+--------+

Top non-repeatable levels by time:
     D:4: 30 daAuts
     D:5: 28 daAuts
